Workbook

Sheet Cash Budget
H1: Cash Budget
D5: Jan | E5: February | F5: March | G5: April | H5: May | I5: June | J5: July | K5: August | L5: Sept | M5: Oct | N5: Nov | O5: Dec | P5: Total
D6: £ | E6: £ | F6: £ | G6: £ | H6: £ | I6: £ | J6: £ | K6: £ | L6: £ | M6: £ | N6: £ | O6: £ | P6: £
A9: Receipts :
A11: Payment on business accounts | D11: =Calculations!D12 -> 59930.82 | E11: =Calculations!E12 -> 56155.6 | F11: =Calculations!F12 -> 56788.96 | G11: =Calculations!G12 -> 61902.24 | H11: =Calculations!H12 -> 62702.64 | I11: =Calculations!I12 -> 61489.28 | J11: =Calculations!J12 -> 62176 | K11: =Calculations!K12 -> 58642.64 | ... O11: =Calculations!O12 -> 60380.32 | P11: =SUM(D11:O11) -> 714601.06
A12: Cash sales | D12: =Calculations!D13 -> 43398.18 | E12: =Calculations!E13 -> 40664.4 | F12: =Calculations!F13 -> 41123.04 | G12: =Calculations!G13 -> 44825.76 | H12: =Calculations!H13 -> 45405.36 | I12: =Calculations!I13 -> 44526.72 | J12: =Calculations!J13 -> 45024 | K12: =Calculations!K13 -> 42465.36 | ... O12: =Calculations!O13 -> 43723.68 | P12: =SUM(D12:O12) -> 513951.94
A13: Interest Received | D13: 0 | E13: =Calculations!E15 -> 45.205479 | F13: =Calculations!F15 -> -2617.3146 | G13: =Calculations!G15 -> 0 | H13: =Calculations!H15 -> -2449.9904 | I13: =Calculations!I15 -> -2253.798 | J13: =Calculations!J15 -> -2548.9692 | K13: =Calculations!K15 -> -2112.7319 | L13: =Calculations!L15 -> 0 | ... O13: =Calculations!O15 -> -2355.0628 | P13: =SUM(D13:O13) -> -18945.591
A14: Total Receipts | D14: =SUM(D11:D13) -> 103329 | E14: =SUM(E11:E13) -> 96865.205 | F14: =SUM(F11:F13) -> 95294.685 | G14: =SUM(G11:G13) -> 106728 | H14: =SUM(H11:H13) -> 105658.01 | I14: =SUM(I11:I13) -> 103762.2 | J14: =SUM(J11:J13) -> 104651.03 | K14: =SUM(K11:K13) -> 98995.268 | ... P14: =SUM(P11:P13) -> 1209607.4
A18: Payments :
A20: Freehold | D20: =Calculations!D24 -> 80000 | E20: =Calculations!E24 -> 80000 | F20: =Calculations!F24 -> 929000 | G20: =Calculations!G24 -> 20000 | H20: =Calculations!H24 -> 22655 | I20: =Calculations!I24 -> 20000 | J20: =Calculations!J24 -> 20000 | K20: =Calculations!K24 -> 20000 | ... O20: =Calculations!O24 -> 20000 | P20: =SUM(D20:O20) -> 1344655
A21: Fixtures and fittings | D21: =Calculations!D25 | E21: =Calculations!E25 -> 0 | F21: =Calculations!F25 -> 62500 | G21: =Calculations!G25 -> 62500 | H21: =Calculations!H25 -> 62500 | I21: =Calculations!I25 -> 62500 | J21: 0 | K21: =Calculations!K25 -> 0 | L21: 0 | M21: 0 | N21: =Calculations!N25 -> 0 | O21: 0 | P21: =SUM(D21:O21) -> 250000
A22: Property expenses | D22: 0 | E22: 0 | F22: 0 | G22: =Calculations!G26 | H22: 0 | I22: 0 | J22: 0 | K22: =Calculations!K26 -> 7500000 | L22: 0 | M22: 0 | N22: 0 | O22: 0 | P22: =SUM(D22:O22) -> 7500000
A23: Laundry | D23: =Calculations!D27 | E23: =Calculations!E27 -> 33000 | F23: =Calculations!F27 -> 0 | G23: =Calculations!G27 -> 0 | H23: =Calculations!H27 -> 33000 | I23: =Calculations!I27 -> 0 | J23: =Calculations!J27 -> 0 | K23: =Calculations!K27 -> 33000 | ... O23: =Calculations!O27 -> 0 | P23: =SUM(D23:O23) -> 132000
A24: Energy costs | D24: =Calculations!D28 | E24: =Calculations!E28 | F24: =Calculations!F28 -> 125000 | G24: =Calculations!G28 -> 0 | H24: =Calculations!H28 -> 0 | I24: =Calculations!I28 -> 125000 | J24: =Calculations!J28 -> 0 | K24: =Calculations!K28 -> 0 | ... O24: =Calculations!O28 -> 125000 | P24: =SUM(D24:O24) -> 500000
A25: Payments to suppliers | D25: =Calculations!D29 -> 0 | E25: =Calculations!E29 -> 1166.6667 | F25: =Calculations!F29 -> 2600 | G25: =Calculations!G29 -> 5026.6667 | H25: =Calculations!H29 -> 3020 | I25: =Calculations!I29 -> 3766.6667 | J25: =Calculations!J29 -> 2600 | K25: =Calculations!K29 -> 3766.6667 | ... O25: =Calculations!O29 -> 3766.6667 | P25: =SUM(D25:O25) -> 35100
A26: Wages | D26: =Calculations!D31 -> 375000 | E26: =Calculations!E31 -> 375000 | F26: =Calculations!F31 -> 375000 | G26: =Calculations!G31 -> 375000 | H26: =Calculations!H31 -> 375000 | I26: =Calculations!I31 -> 375000 | J26: =Calculations!J31 -> 375000 | K26: =Calculations!K31 -> 375000 | ... O26: =Calculations!O31 -> 375000 | P26: =SUM(D26:O26) -> 4500000
A27: Salaries | D27: =Calculations!D34 -> 623333.33 | E27: =Calculations!E34 -> 623333.33 | F27: =Calculations!F34 -> 583333.33 | G27: =Calculations!G34 -> 623333.33 | H27: =Calculations!H34 -> 623333.33 | I27: =Calculations!I34 -> 623333.33 | J27: =Calculations!J34 -> 623333.33 | K27: =Calculations!K34 -> 623333.33 | ... O27: =Calculations!O34 -> 623333.33 | P27: =SUM(D27:O27) -> 7440000
A28: Vehicles | D28: 0 | E28: 0 | F28: 0 | G28: 0 | H28: 0 | I28: 0 | J28: 0 | K28: 0 | L28: 0 | M28: 0 | N28: 0 | O28: 0 | P28: =SUM(D28:O28) -> 0
A29: Van | D29: =Calculations!D37 | E29: =Calculations!E37 -> 250000 | F29: =Calculations!F37 | G29: =Calculations!G37 | H29: =Calculations!H37 | I29: =Calculations!I37 | J29: =Calculations!J37 | K29: =Calculations!K37 | ... O29: =Calculations!O37 | P29: =SUM(D29:O29) -> 250000
A30: Petrol and diesel | D30: =Calculations!D38 -> 1750 | E30: =Calculations!E38 -> 1750 | F30: =Calculations!F38 -> 1750 | G30: =Calculations!G38 -> 1750 | H30: =Calculations!H38 -> 1750 | I30: =Calculations!I38 -> 1750 | J30: =Calculations!J38 -> 1750 | K30: =Calculations!K38 -> 1750 | ... O30: =Calculations!O38 -> 1750 | P30: =SUM(D30:O30) -> 21000
A31: Rates | D31: =Calculations!D39 -> 6375 | E31: =Calculations!E39 -> 6375 | F31: =Calculations!F39 -> 6375 | G31: 0 | H31: 0 | I31: 0 | J31: 0 | K31: 0 | L31: 0 | M31: 0 | N31: 0 | O31: =Calculations!O39 | P31: =SUM(D31:O31) -> 19125
A32: Marketing | D32: =Calculations!D40 -> 0 | E32: =Calculations!E40 | F32: =Calculations!F40 | G32: =Calculations!G40 -> 75000 | H32: =Calculations!H40 -> 0 | I32: =Calculations!I40 | J32: =Calculations!J40 | K32: =Calculations!K40 | ... O32: =Calculations!O40 -> 0 | P32: =SUM(D32:O32) -> 150000
A33: Overdraft Interest | D33: =Calculations!D41 -> 0 | E33: =Calculations!E41 -> 0 | F33: =Calculations!F41 -> 0 | G33: =Calculations!G41 -> 8697.1795 | H33: =Calculations!H41 -> 0 | I33: =Calculations!I41 -> 0 | J33: =Calculations!J41 -> 0 | K33: =Calculations!K41 -> 0 | ... O33: =Calculations!O41 -> 0 | P33: =SUM(D33:O33) -> 45656.846
A34: Total payments | D34: =SUM(D20:D33) -> 1086458.3 | E34: =SUM(E20:E33) -> 1370625 | F34: =SUM(F20:F33) -> 2085558.3 | G34: =SUM(G20:G33) -> 1171307.2 | H34: =SUM(H20:H33) -> 1121258.3 | I34: =SUM(I20:I33) -> 1211350 | J34: =SUM(J20:J33) -> 1022683.3 | K34: =SUM(K20:K33) -> 8556850 | ... O34: =SUM(O20:O33) -> 1148850 | P34: =SUM(D34:O34) -> 22187537
A38: Balance b / f | D38: 750000 | E38: =D44 -> 772000 | F38: =E44 -> -501759.79 | G38: =F44 -> -2492023.4 | H38: =G44 -> -3556602.6 | I38: =H44 -> -4572202.9 | J38: =I44 -> -5679790.7 | K38: =J44 -> -6597823 | L38: =K44 -> -15055678 | ... P38: =O44 -> -19222800
A41: Net cashflow in month | D41: 22000 | E41: =E14-E34 -> -1273759.8 | F41: =F14-F34 -> -1990263.6 | G41: =G14-G34 -> -1064579.2 | H41: =H14-H34 -> -1015600.3 | I41: =I14-I34 -> -1107587.8 | J41: =J14-J34 -> -918032.3 | K41: =K14-K34 -> -8457854.7 | L41: =L14-L34 -> -1085711 | ... P41: =P14-P34 -> -20977929
A44: Balance c / f | D44: =SUM(D38:D43) -> 772000 | E44: =SUM(E38:E43) -> -501759.79 | F44: =SUM(F38:F43) -> -2492023.4 | G44: =SUM(G38:G43) -> -3556602.6 | H44: =SUM(H38:H43) -> -4572202.9 | I44: =SUM(I38:I43) -> -5679790.7 | J44: =SUM(J38:J43) -> -6597823 | K44: =SUM(K38:K43) -> -15055678 | ... P44: =SUM(P38:P43) -> -40200730

Sheet Workings
A1: WORKINGS : | D1: this page is for your workings - include within your hard copy submission.
A3: -1
E5: Jan | F5: Feb | G5: Mar | H5: April | I5: May | J5: June | K5: July | L5: August | M5: September | N5: October | O5: November | P5: December
E7: 103329 | F7: 96820 | G7: 97912 | H7: 106728 | I7: 108108 | J7: 105016 | K7: 107200 | L7: 101108 | M7: 98932 | N7: 96280 | O7: 102016 | P7: 104104
A31: Supplier A | E31: ='Freehold & Payment to suppliers'!E25 -> 0 | F31: ='Freehold & Payment to suppliers'!F25 -> 1166.6667 | G31: ='Freehold & Payment to suppliers'!G25 -> 0 | H31: ='Freehold & Payment to suppliers'!H25 -> 1166.6667 | I31: ='Freehold & Payment to suppliers'!I25 -> 0 | J31: ='Freehold & Payment to suppliers'!J25 -> 1166.6667 | K31: ='Freehold & Payment to suppliers'!K25 -> 0 | L31: ='Freehold & Payment to suppliers'!L25 -> 1166.6667 | ... P31: ='Freehold & Payment to suppliers'!P25 -> 1166.6667
A32: (1month credit)
A34: Supplier B | E34: ='Freehold & Payment to suppliers'!E26 -> 0 | F34: ='Freehold & Payment to suppliers'!F26 -> 0 | G34: ='Freehold & Payment to suppliers'!G26 -> 2600 | H34: ='Freehold & Payment to suppliers'!H26 -> 3860 | I34: ='Freehold & Payment to suppliers'!I26 -> 3020 | J34: ='Freehold & Payment to suppliers'!J26 -> 2600 | K34: ='Freehold & Payment to suppliers'!K26 -> 2600 | L34: ='Freehold & Payment to suppliers'!L26 -> 2600 | ... P34: ='Freehold & Payment to suppliers'!P26 -> 2600
A35: (no credit / 1%discount)
A39: Payments to | E39: =SUM(E31:E38) -> 0 | F39: =SUM(F31:F38) -> 1166.6667 | G39: =SUM(G31:G38) -> 2600 | H39: =SUM(H31:H38) -> 5026.6667 | I39: =SUM(I31:I38) -> 3020 | J39: =SUM(J31:J38) -> 3766.6667 | K39: =SUM(K31:K38) -> 2600 | L39: =SUM(L31:L38) -> 3766.6667 | ... P39: =SUM(P31:P38) -> 3766.6667
A40: suppliers (£)
A45: (2) Wages
E47: Jan | F47: Feb | G47: Mar | H47: April | I47: May | J47: June | K47: July | L47: August | M47: September | N47: October | O47: November | P47: December
A51: Wages paid | E51: 12812 | F51: 12812 | G51: 12812 | H51: 12812 | I51: 12812 | J51: 12812 | K51: 12812 | L51: 12812 | M51: 12812 | N51: 12812 | O51: 12812 | P51: 12812
A64: Cash paid
A65: % in month
A66: % next month
A73: (3) Cash received from customers
A75: (a) Credit Sales
E78: Jan | F78: Feb | G78: Mar | H78: April | I78: May | J78: June | K78: July | L78: August | M78: September | N78: October | O78: November | P78: December
A81: Total sales | E81: 103329 | F81: 96980 | G81: 97912 | H81: 106728 | I81: 108108 | J81: 105016 | K81: 107200 | L81: 101108 | M81: 98932 | N81: 96280 | O81: 102016 | P81: 104104
A83: Credit sales | E83: 0.42 | F83: 0.42 | G83: 0.42 | H83: 0.42 | I83: 0.42 | J83: 0.42 | K83: 0.42 | L83: 0.42 | M83: 0.42 | N83: 0.42 | O83: 0.42 | P83: 0.42
A85: Credit sales (£) | E85: =E81*E83 -> 43398.18 | F85: =F81*F83 -> 40731.6 | G85: =G81*G83 -> 41123.04 | H85: =H81*H83 -> 44825.76 | I85: =I81*I83 -> 45405.36 | J85: =J81*J83 -> 44106.72 | K85: =K81*K83 -> 45024 | L85: =L81*L83 -> 42465.36 | ... P85: =P81*P83 -> 43723.68
A91: Months | E91: £ | F91: £ | G91: £ | H91: £ | I91: £ | J91: £ | K91: £ | L91: £ | M91: £ | N91: £ | O91: £ | P91: £
A100: Cash received from debtors
A104: (b) Cash Sales
C107: Nov | D107: Dec | E107: Jan | F107: Feb | G107: Mar | H107: April | I107: May | J107: June | K107: July | L107: August | M107: September | N107: October | O107: November | P107: December
A110: Total sales | E110: 103329 | F110: 96820 | G110: 97912 | H110: 106728 | I110: 108108 | J110: 105016 | K110: 107200 | L110: 101108 | M110: 98932 | N110: 96280 | O110: 102016 | P110: 104104
A112: Cash sales | E112: 0.58 | F112: 0.58 | G112: 0.58 | H112: 0.58 | I112: 0.58 | J112: 0.58 | K112: 0.58 | L112: 0.58 | M112: 0.58 | N112: 0.58 | O112: 0.58 | P112: 0.58
A114: Cash Sales (£) | E114: =E110*E112 -> 59930.82 | F114: =F110*F112 -> 56155.6 | G114: =G110*G112 -> 56788.96 | H114: =H110*H112 -> 61902.24 | I114: =I110*I112 -> 62702.64 | J114: =J110*J112 -> 60909.28 | K114: =K110*K112 -> 62176 | L114: =L110*L112 -> 58642.64 | ... P114: =P110*P112 -> 60380.32

Sheet Calculations
D5: Jan | E5: February | F5: March | G5: April | H5: May | I5: June | J5: July | K5: August | L5: Sept | M5: Oct | N5: Nov | O5: Dec | P5: Total | Q5: Explanation | R5: Unit cost/ Total cost
D6: £ | E6: £ | F6: £ | G6: £ | H6: £ | I6: £ | J6: £ | K6: £ | L6: £ | M6: £ | N6: £ | O6: £ | P6: £
A9: Receipts :
A11: Predicted Revenue (Given) | D11: 103329 | E11: 96820 | F11: 97912 | G11: 106728 | H11: 108108 | I11: 106016 | J11: 107200 | K11: 101108 | L11: 98932 | M11: 96280 | N11: 102016 | O11: 104104 | P11: =SUM(D11:O11) -> 1228553
A12: Payment on business accounts | D12: =D11*0.58 -> 59930.82 | E12: =E11*0.58 -> 56155.6 | F12: =F11*0.58 -> 56788.96 | G12: =G11*0.58 -> 61902.24 | H12: =H11*0.58 -> 62702.64 | I12: =I11*0.58 -> 61489.28 | J12: =J11*0.58 -> 62176 | K12: =K11*0.58 -> 58642.64 | ... M12: =M11*0.58 -> 55842.4 | N12: =N11*0.6 -> 61209.6 | O12: =O11*0.58 -> 60380.32 | P12: =SUM(D12:O12) -> 714601.06
A13: Cash sales | D13: =D11*0.42 -> 43398.18 | E13: =E11*0.42 -> 40664.4 | F13: =F11*0.42 -> 41123.04 | G13: =G11*0.42 -> 44825.76 | H13: =H11*0.42 -> 45405.36 | I13: =I11*0.42 -> 44526.72 | J13: =J11*0.42 -> 45024 | K13: =K11*0.42 -> 42465.36 | ... M13: =M11*0.42 -> 40437.6 | N13: =N11*0.4 -> 40806.4 | O13: =O11*0.42 -> 43723.68 | P13: =SUM(D13:O13) -> 513951.94
A14: Occupancy | D14: =Occupancy!D16 -> 0.7796944 | E14: =Occupancy!E16 -> 0.80885547 | F14: =Occupancy!F16 -> 0.73881909 | G14: =Occupancy!G16 -> 0.83218713 | H14: =Occupancy!H16 -> 0.81575552 | I14: =Occupancy!I16 -> 0.81883821 | J14: =Occupancy!J16 -> 0.80890398 | K14: =Occupancy!K16 -> 0.7629353 | ... O14: =Occupancy!O16 -> 0.78554235
A15: Interest Received | E15: =(3%/365)*25*'Cash Budget'!D41 -> 45.205479 | F15: =(3%/365)*25*'Cash Budget'!E41 -> -2617.3146 | H15: =(3%/365)*28*'Cash Budget'!G41 -> -2449.9904 | I15: =(3%/365)*27*'Cash Budget'!H41 -> -2253.798 | J15: =(3%/365)*28*'Cash Budget'!I41 -> -2548.9692 | K15: =(3%/365)*28*'Cash Budget'!J41 -> -2112.7319 | M15: =(3%/365)*27*'Cash Budget'!L41 -> -2409.3861 | N15: =(3%/365)*27*'Cash Budget'!M41 -> -2243.5433 | O15: =(3%/365)*28*'Cash Budget'!N41 -> -2355.0628 | Q15: For positive net cashflow at month end: interest received @ 3%
A18: Total Receipts
A22: Payments :
A24: Freehold | D24: ='Freehold & Payment to suppliers'!E9 -> 80000 | E24: ='Freehold & Payment to suppliers'!F9 -> 80000 | F24: ='Freehold & Payment to suppliers'!G9 -> 929000 | G24: ='Freehold & Payment to suppliers'!H9 -> 20000 | H24: ='Freehold & Payment to suppliers'!I9 -> 22655 | I24: ='Freehold & Payment to suppliers'!J9 -> 20000 | J24: ='Freehold & Payment to suppliers'!K9 -> 20000 | K24: ='Freehold & Payment to suppliers'!L9 -> 20000 | ... O24: ='Freehold & Payment to suppliers'!P9 -> 20000 | Q24: See calculations in the following tab
A25: Fixtures and fittings | F25: =$R$25/4 -> 62500 | G25: =$R$25/4 -> 62500 | H25: =$R$25/4 -> 62500 | I25: =$R$25/4 -> 62500 | Q25: Four installment payments beginning in Mar 21 | R25: 250000
A26: Property expenses | K26: =P26*0.25 -> 7500000 | P26: 30000000 | Q26: Purchasing the adjacent Quay, downpayment (25%) made in August | R26: 30000000
A27: Laundry | E27: =$P$27/4 -> 33000 | H27: =$P$27/4 -> 33000 | K27: =$P$27/4 -> 33000 | N27: =$P$27/4 -> 33000 | P27: 132000 | Q27: Quarterly laundry services, starting in Feb 21 | R27: 132000
A28: Energy costs | F28: =$R$28/4 -> 125000 | I28: =$R$28/4 -> 125000 | L28: =$R$28/4 -> 125000 | O28: =$R$28/4 -> 125000 | Q28: Quarterly payment of light and heat starting from Mar 21 | R28: 500000
A29: Payments to suppliers | D29: ='Freehold & Payment to suppliers'!E27 -> 0 | E29: ='Freehold & Payment to suppliers'!F27 -> 1166.6667 | F29: ='Freehold & Payment to suppliers'!G27 -> 2600 | G29: ='Freehold & Payment to suppliers'!H27 -> 5026.6667 | H29: ='Freehold & Payment to suppliers'!I27 -> 3020 | I29: ='Freehold & Payment to suppliers'!J27 -> 3766.6667 | J29: ='Freehold & Payment to suppliers'!K27 -> 2600 | K29: ='Freehold & Payment to suppliers'!L27 -> 3766.6667 | ... O29: ='Freehold & Payment to suppliers'!P27 -> 3766.6667 | Q29: See calculations in the following tab
A31: Wages | D31: =$R$31/12 -> 375000 | E31: =$R$31/12 -> 375000 | F31: =$R$31/12 -> 375000 | G31: =$R$31/12 -> 375000 | H31: =$R$31/12 -> 375000 | I31: =$R$31/12 -> 375000 | J31: =$R$31/12 -> 375000 | K31: =$R$31/12 -> 375000 | ... O31: =$R$31/12 -> 375000 | P31: =SUM(D31:O31) -> 4500000 | Q31: Weekly wages payment | R31: 4500000
A32: Salaries (1) | D32: =$P$32/12 -> 583333.33 | E32: =$P$32/12 -> 583333.33 | F32: =$P$32/12 -> 583333.33 | G32: =$P$32/12 -> 583333.33 | H32: =$P$32/12 -> 583333.33 | I32: =$P$32/12 -> 583333.33 | J32: =$P$32/12 -> 583333.33 | K32: =$P$32/12 -> 583333.33 | ... O32: =$P$32/12 -> 583333.33 | P32: 7000000 | Q32: Salaries of 250 staffs | R32: 7000000
A33: Salaries (2) | D33: =50*80*10 -> 40000 | E33: =50*80*10 -> 40000 | G33: =50*80*10 -> 40000 | H33: =50*80*10 -> 40000 | I33: =50*80*10 -> 40000 | J33: =50*80*10 -> 40000 | K33: =50*80*10 -> 40000 | L33: =50*80*10 -> 40000 | M33: =50*80*10 -> 40000 | N33: =50*80*10 -> 40000 | O33: =50*80*10 -> 40000 | P33: =SUM(D33:O33) -> 440000 | Q33: Zero-hour contract staff payment | R33: 50*80*10
A34: Total salaries | D34: =SUM(D32:D33) -> 623333.33 | E34: =SUM(E32:E33) -> 623333.33 | F34: =SUM(F32:F33) -> 583333.33 | G34: =SUM(G32:G33) -> 623333.33 | H34: =SUM(H32:H33) -> 623333.33 | I34: =SUM(I32:I33) -> 623333.33 | J34: =SUM(J32:J33) -> 623333.33 | K34: =SUM(K32:K33) -> 623333.33 | ... P34: =SUM(P32:P33) -> 7440000
A36: Vehicles
A37: Van | E37: 250000 | Q37: Pods outside eating arena | R37: 250000
A38: Petrol and diesel | D38: =$R$38/12 -> 1750 | E38: =$R$38/12 -> 1750 | F38: =$R$38/12 -> 1750 | G38: =$R$38/12 -> 1750 | H38: =$R$38/12 -> 1750 | I38: =$R$38/12 -> 1750 | J38: =$R$38/12 -> 1750 | K38: =$R$38/12 -> 1750 | ... O38: =$R$38/12 -> 1750 | Q38: Annual petrol and diesel costs for the hotel’s motor vehicles | R38: 21000
A39: Rates | D39: =$R$39/12 -> 6375 | E39: =$R$39/12 -> 6375 | F39: =$R$39/12 -> 6375 | Q39: Annual rates paid in monthly installments starting from Apr 20 | R39: 76500
A40: Marketing | G40: 75000 | M40: 75000 | Q40: Marketing costs incurred in April and Oct 21 | R40: 75000
A41: Overdraft Interest | D41: 0 | E41: 0 | F41: 0 | G41: =-(5.5%/365)*29*'Cash Budget'!F41 -> 8697.1795 | H41: 0 | I41: 0 | J41: 0 | K41: 0 | L41: =-(5.5%/365)*29*'Cash Budget'!K41 -> 36959.667 | M41: 0 | N41: 0 | O41: 0 | Q41: For negtive net cashflow at month end: overdraft interest paid @ 5.5%
A42: Total payments
A46: Balance b / f
A49: Net cashflow in month
A52: Balance c / f

Sheet Occupancy
D5: Jan | E5: Feb | F5: Mar | G5: Apr | H5: May | I5: Jun | J5: Jul | K5: Aug | L5: Sep | M5: Oct | N5: Nov | O5: Dec | P5: Total
D6: £ | E6: £ | F6: £ | G6: £ | H6: £ | I6: £ | J6: £ | K6: £ | L6: £ | M6: £ | N6: £ | O6: £ | P6: £
A9: Receipts :
A11: Predicted Revenue (Given) | D11: 103329 | E11: 96820 | F11: 97912 | G11: 106728 | H11: 108108 | I11: 105016 | J11: 107200 | K11: 101108 | L11: 98932 | M11: 96280 | N11: 102016 | O11: 104104 | P11: =SUM(D11:O11) -> 1227553
A12: Standard Cost per night | D12: 95 | E12: 95 | F12: 95 | G12: 95 | H12: 95 | I12: 95 | J12: 95 | K12: 95 | L12: 95 | M12: 95 | N12: 95 | O12: 95 | P12: 95
A13: Number of rooms | D13: 45 | E13: 45 | F13: 45 | G13: 45 | H13: 45 | I13: 45 | J13: 45 | K13: 45 | L13: 45 | M13: 45 | N13: 45 | O13: 45 | P13: 45
A14: Number of days in a month | D14: 31 | E14: 28 | F14: 31 | G14: 30 | H14: 31 | I14: 30 | J14: 31 | K14: 31 | L14: 30 | M14: 31 | N14: 30 | O14: 31 | P14: =SUM(D14:O14) -> 365
A15: Standard Revenue | D15: =PRODUCT(D12,D13,D14) -> 132525 | E15: =PRODUCT(E12,E13,E14) -> 119700 | F15: =PRODUCT(F12,F13,F14) -> 132525 | G15: =PRODUCT(G12,G13,G14) -> 128250 | H15: =PRODUCT(H12,H13,H14) -> 132525 | I15: =PRODUCT(I12,I13,I14) -> 128250 | J15: =PRODUCT(J12,J13,J14) -> 132525 | K15: =PRODUCT(K12,K13,K14) -> 132525 | ... P15: =PRODUCT(P12,P13,P14) -> 1560375
A16: Occupancy rate | D16: =D11/D15 -> 0.7796944 | E16: =E11/E15 -> 0.80885547 | F16: =F11/F15 -> 0.73881909 | G16: =G11/G15 -> 0.83218713 | H16: =H11/H15 -> 0.81575552 | I16: =I11/I15 -> 0.81883821 | J16: =J11/J15 -> 0.80890398 | K16: =K11/K15 -> 0.7629353 | ... P16: =P11/P15 -> 0.78670384

Sheet Freehold & Payment to suppliers
A1: Expense | C1: Activity | D1: Unit price/ Total cost | E1: Jan | F1: Feb | G1: Mar | H1: Apr | I1: May | J1: Jun | K1: Jul | L1: Aug | M1: Sep | N1: Oct | O1: Nov | P1: Dec | Q1: Total
A2: Freehold | C2: Kettle tray set and Towel Set | D2: 45 | I2: 2655 | Q2: =SUM(E2:P2) -> 2655
C3: New furniture for public areas | D3: 180000 | E3: =$D$3/3 -> 60000 | F3: =$D$3/3 -> 60000 | G3: =$D$3/3 -> 60000 | Q3: =SUM(E3:P3) -> 180000
C4: Public toilet refurbish cost | D4: 22000 | O4: =D4 -> 22000 | Q4: =SUM(E4:P4) -> 22000
C5: Annual general maintenance | D5: 240000 | E5: =$D$5/12 -> 20000 | F5: =$D$5/12 -> 20000 | G5: =$D$5/12 -> 20000 | H5: =$D$5/12 -> 20000 | I5: =$D$5/12 -> 20000 | J5: =$D$5/12 -> 20000 | K5: =$D$5/12 -> 20000 | L5: =$D$5/12 -> 20000 | ... P5: =$D$5/12 -> 20000 | Q5: =SUM(E5:P5) -> 240000
C6: Deep clean of hotel | D6: 45000 | O6: =D6 -> 45000 | Q6: =SUM(E6:P6) -> 45000
C7: Building costs | D7: 400000 | N7: 6000 | Q7: =SUM(E7:P7) -> 6000
C8: Corporate tax | D8: 849000 | G8: =D8 -> 849000
A9: Total freehold costs at month end | E9: =SUM(E2:E8) -> 80000 | F9: =SUM(F2:F8) -> 80000 | G9: =SUM(G2:G8) -> 929000 | H9: =SUM(H2:H8) -> 20000 | I9: =SUM(I2:I8) -> 22655 | J9: =SUM(J2:J8) -> 20000 | K9: =SUM(K2:K8) -> 20000 | L9: =SUM(L2:L8) -> 20000 | ... Q9: =SUM(Q2:Q8) -> 495655
A16: Expense | C16: Activity | D16: Unit price/ Total cost | E16: Jan | F16: Feb | G16: Mar | H16: Apr | I16: May | J16: Jun | K16: Jul | L16: Aug | M16: Sep | N16: Oct | O16: Nov | P16: Dec | Q16: Total
A17: Costs incurred to sundry suppliers | C17: Printing & Stationary | E17: 1500 | F17: 1500 | G17: 1920 | H17: 1500 | I17: 1500 | J17: 1500 | K17: 1500 | L17: 1500 | M17: 1920 | N17: 1500 | O17: 1920 | P17: 1500 | Q17: =SUM(E17:P17) -> 19260
C18: Complimentary in-room beverages | E18: 1100 | F18: 1100 | G18: 1100 | H18: 1100 | I18: 1100 | J18: 1100 | K18: 1100 | L18: 1100 | M18: 1100 | N18: 1100 | O18: 1100 | P18: 1100 | Q18: =SUM(E18:P18) -> 13200
C19: Branded bedding bundles | D19: 45 | F19: 1260 | Q19: =SUM(E19:P19) -> 1260
C20: Total for each month | E20: =SUM(E17:E19) -> 2600 | F20: =SUM(F17:F19) -> 3860 | G20: =SUM(G17:G19) -> 3020 | H20: =SUM(H17:H19) -> 2600 | I20: =SUM(I17:I19) -> 2600 | J20: =SUM(J17:J19) -> 2600 | K20: =SUM(K17:K19) -> 2600 | L20: =SUM(L17:L19) -> 2600 | ... P20: =SUM(P17:P19) -> 2600 | Q20: =SUM(E20:P20) -> 33720
A23: Expense | C23: Activity | D23: Unit price/ Total cost | E23: Jan | F23: Feb | G23: Mar | H23: Apr | I23: May | J23: Jun | K23: Jul | L23: Aug | M23: Sep | N23: Oct | O23: Nov | P23: Dec | Q23: Total
A25: Payment to suppliers | C25: Payment of complimentary toiletaries | D25: 7000 | F25: =$D$25/6 -> 1166.6667 | H25: =$D$25/6 -> 1166.6667 | J25: =$D$25/6 -> 1166.6667 | L25: =$D$25/6 -> 1166.6667 | N25: =$D$25/6 -> 1166.6667 | P25: =$D$25/6 -> 1166.6667 | Q25: =SUM(E25:P25) -> 7000
C26: Payments to all other suppliers | G26: =E20 -> 2600 | H26: =F20 -> 3860 | I26: =G20 -> 3020 | J26: =H20 -> 2600 | K26: =I20 -> 2600 | L26: =J20 -> 2600 | M26: =K20 -> 2600 | N26: =L20 -> 2600 | ... P26: =N20 -> 2600 | Q26: =SUM(E26:P26) -> 28100
C27: Total | E27: =SUM(E25:E26) -> 0 | F27: =SUM(F25:F26) -> 1166.6667 | G27: =SUM(G25:G26) -> 2600 | H27: =SUM(H25:H26) -> 5026.6667 | I27: =SUM(I25:I26) -> 3020 | J27: =SUM(J25:J26) -> 3766.6667 | K27: =SUM(K25:K26) -> 2600 | L27: =SUM(L25:L26) -> 3766.6667 | ... P27: =SUM(P25:P26) -> 3766.6667

Sheet Sheet5

Sheet Sheet6

Sheet Sheet7

Sheet Sheet8

Sheet Sheet9

Sheet Sheet10

Sheet Sheet11

Sheet Sheet12

Sheet Sheet13

Sheet Sheet14

Sheet Sheet15

Sheet Sheet16
